 Dungeon Crawl Stone Soup version 0.30.0-29-ga12c61a403 (webtiles) character file.

Game seed: 6981501437772212273

588 qw the Chopper (level 7, -1/43 HPs)
             Began as a Gargoyle Fighter on June 3, 2023.
             Killed by divine providence
             ... invoked by an orc priest
              (14 damage)
             ... on level 4 of the Dungeon.
             The game lasted 00:01:51 (3848 turns).

qw the Chopper (Gargoyle Fighter)                   Turns: 3848, Time: 00:01:51

Health: -1/43      AC: 13    Str: 28    XL:     7   Next: 38%
Magic:  7/7        EV: 10    Int:  8    God:
Gold:   72         SH:  4    Dex:  9    Spells: 6/6 levels left

rFire   . . .        Y - +0 war axe (flame)
rCold   . . .        c - +0 buckler
rNeg    + . .        b - +0 scale mail
rPois   inf          (no helmet)
rElec   +            (no cloak)
rCorr   .            h - +1 pair of gloves
SInv    .            (no boots)
Will    .....        (no amulet) Stlth
                     l - +6 ring of strength
HPRegen 0.27/turn    (no ring)
MPRegen 0.10/turn

%: no passive effects
@: no status effects
A: sickness immunity, AC +4, negative energy resistance 1, electricity
resistance, torment resistance 1, petrification resistance
a: no special abilities


You were on level 4 of the Dungeon.
You visited 1 branch of the dungeon, and saw 4 of its levels.

You collected 147 gold pieces.
You spent 75 gold pieces at shops.


Innate Abilities, Weirdness & Mutations

You are immune to sickness and miasma.
Your stone body is resilient. (AC +4)
You are immune to poison.
You resist negative energy. (rN+)
You are resistant to electric shocks. (rElec)
You are resistant to unholy torment.
You are immune to petrification.


   Skills:
 - Level 4.2 Fighting
 + Level 6.6 Axes
 - Level 3.2 Armour
 - Level 1.3 Dodging
 - Level 3.2 Shields


You had 6 spell levels left.
You didn't know any spells.
Your spell library was empty.

Inventory:

Hand Weapons
 Y - a +0 war axe of flaming (weapon)
Armour
 b - a +0 scale mail (worn)
 c - a +0 buckler (worn)
 h - a +1 pair of gloves (worn)
 n - the -2 pair of gloves of the Vaults {Harm rPois rC- Str+5}
   (You found it on level 4 of the Dungeon)

   Str:       It affects your strength (+5).
   rC:        It makes you vulnerable to cold.
   rPois:     It protects you from poison.
   Harm:      It increases damage dealt and taken.
Jewellery
 l - a +6 ring of strength (left hand)
Scrolls
 a - 2 scrolls of teleportation
 m - a scroll of identify
 o - a scroll of acquirement {unknown}
Potions
 d - a potion of might
 e - a potion of heal wounds
 f - a potion of cancellation {unknown}
 g - a potion of berserk rage {unknown}
 i - 2 potions of attraction
 j - a potion of lignification {unknown}
 k - a potion of curing
 p - 3 potions of mutation {unknown}
 q - a potion of haste {unknown}

Dungeon Overview and Level Annotations

Branches:
Dungeon (4/15)
 Temple: D:4-7

Altars:
Cheibriados
The Shining One

Shops:
D:3 !(?


Message History

You hit the ball python. You burn the ball python.
You kill the ball python!
An orc priest comes into view. It is wielding a +0 war axe.
You hit the orc but do no damage. You hit the orc priest.
You burn the orc priest.
The orc priest is lightly wounded.
You hit the orc. You burn the orc.
You kill the orc!
The orc priest hits you with a +0 whip.
The orc priest mumbles some strange prayers to Beogh against you.
Beogh smites you!
You hit the orc priest. You burn the orc priest.
The orc priest is moderately wounded.
The orc priest barely misses you.
The orc priest calls upon Beogh to heal the orc priest.
The orc priest is healed somewhat.
You barely miss the orc priest.
The orc priest is lightly wounded.
You closely miss the goblin. The goblin misses you.
The orc priest hits you but does no damage.
You hit the orc priest. You burn the orc priest.
The orc priest is heavily wounded.
You slash the goblin! You burn the goblin.
You kill the goblin!
The orc priest closely misses you.
You hit the orc priest. You burn the orc priest.
The orc priest is almost dead.
The orc priest hits you but does no damage.
The orc priest calls down the wrath of Beogh upon you.
Beogh smites you!
You hit the orc priest but do no damage.
The orc priest is almost dead.
The orc priest hits you with a +0 whip.
The orc priest miscasts a cantrip.
You closely miss the orc priest.
The orc priest is almost dead.
The orc priest invokes the aid of Beogh against you.
Beogh smites you!
You die...

#.# #.# #.#
#.# #+# #+#
#.# #.# #.#
#.# . #.#
...
###.##...##
#.@).......
#%#o##../..
#.#oo. #...
#.###.# ..
#. .# #. #
#. #.


You could see 2 orc priests and an orc.

Vanquished Creatures
  A phantom (D:4)
  2 kobold brigands (D:3)
  2 scorpions (D:4)
  A gnoll bouda (D:4)
  3 adders
  10 gnolls
  An ufetubus (D:4)
  A worm (D:2)
  2 dart slugs (D:4)
  2 orcs
  12 ball pythons
  5 endoplasms
  4 giant cockroaches
  9 goblins
  6 hobgoblins
  4 jackals (D:2)
  13 kobolds
  6 bats
  7 frilled lizards
  5 rats
96 creatures vanquished.

Notes
Turn   | Place    | Note
-------+----------+-------------------------------------------
     0 | D:1      | qw the Gargoyle Fighter began the quest for the Orb.
     0 | D:1      | Reached XP level 1. HP: 14/14 MP: 1/1
     0 | D:1      | 0 ||| qw: Version: 0.2-a-103-g5a998e5
     0 | D:1      | 0 ||| qw: Game counter: 1002
     0 | D:1      | 0 ||| qw: Always use a shield: true
     0 | D:1      | 0 ||| qw: God list: Okawaru
     0 | D:1      | 0 ||| qw: Allow faded altars: false
     0 | D:1      | 0 ||| qw: Do Orc after D:15 true
     0 | D:1      | 0 ||| qw: Do second Lair branch before Depths: true
     0 | D:1      | 0 ||| qw: Lair rune preference: random
     0 | D:1      | 0 ||| qw: Plans: Normal, Zot:1-4, Slime:5, God:TSO, Crypt,
                  | Tomb, Pan, Hells, Abyss, Win
     0 | D:1      | 0 ||| PLANNING D:1-11
    17 | D:1      | Reached skill level 2 in Axes
   185 | D:1      | Reached XP level 2. HP: 19/19 MP: 2/2
   200 | D:1      | 200 ||| DROPPING +0 club.
   384 | D:1      | 384 ||| Stepping ~*~*~tactically~*~*~ (stealth).
   397 | D:1      | 397 ||| Stepping ~*~*~tactically~*~*~ (stealth).
   399 | D:1      | 399 ||| Stepping ~*~*~tactically~*~*~ (stealth).
   555 | D:1      | Reached skill level 3 in Axes
   672 | D:1      | Reached XP level 3. HP: 23/23 MP: 3/3
   814 | D:1      | 814 ||| UPGRADING to +0 pair of gloves.
   819 | D:1      | 819 ||| READING scroll labelled BILI PABBIDY.
   820 | D:1      | 820 ||| DROPPING +1 mace of protection.
   821 | D:1      | 821 ||| READING scroll labelled XUNIGA ISHRICEO.
   825 | D:1      | 825 ||| READING scroll labelled TIJETW HIRU.
   954 | D:2      | 954 ||| Stepping ~*~*~tactically~*~*~ (stealth).
  1386 | D:2      | 1386 ||| Stepping ~*~*~tactically~*~*~ (hiding).
  1388 | D:2      | 1388 ||| Stepping ~*~*~tactically~*~*~ (hiding).
  1396 | D:2      | Reached XP level 4. HP: 9/28 MP: 4/4
  1396 | D:2      | HP: 7/28 [gnoll/+0 spear (2)]
  1400 | D:2      | Reached skill level 4 in Axes
  1678 | D:2      | 1678 ||| Stepping ~*~*~tactically~*~*~ (stealth).
  1914 | D:2      | 1914 ||| READING 2 scrolls labelled PIVAIRCHEEN.
  1915 | D:2      | 1915 ||| READING scroll of enchant armour.
  1915 | D:2      | 1915 ||| ENCHANTING +0 pair of gloves.
  1916 | D:2      | 1916 ||| READING scroll labelled PANIFY BURCHOI.
  1917 | D:2      | 1917 ||| READING scroll labelled ONIT WYNALL.
  2011 | D:3      | Found Agre's Distillery.
  2020 | D:3      | 2020 ||| BUYING potion of attraction (33 gold).
  2020 | D:3      | Bought a potion of attraction for 33 gold pieces
  2020 | D:3      | 2020 ||| SHOPLISTING potion of cancellation (88 gold, have
                  | 8).
  2020 | D:3      | 2020 ||| SHOPLISTING potion of curing (33 gold, have 8).
  2020 | D:3      | 2020 ||| SHOPLISTING potion of lignification (33 gold, have
                  | 8).
  2020 | D:3      | 2020 ||| SHOPLISTING potion of might (44 gold, have 8).
  2020 | D:3      | 2020 ||| SHOPLISTING potion of mutation (88 gold, have 8).
  2020 | D:3      | 2020 ||| SHOPLISTING potion of resistance (110 gold, have
                  | 8).
  2076 | D:3      | Found Yrghid's Weapon Shoppe.
  2080 | D:3      | 2080 ||| Stepping ~*~*~tactically~*~*~ (hiding).
  2087 | D:3      | Reached XP level 5. HP: 32/32 MP: 5/5
  2244 | D:3      | Found a snail-covered altar of Cheibriados.
  2245 | D:3      | Found a glowing golden altar of the Shining One.
  2276 | D:3      | 2276 ||| Stepping ~*~*~tactically~*~*~ (stealth).
  2298 | D:3      | 2298 ||| READING scroll labelled CUECOK UBAPSA.
  2299 | D:3      | 2299 ||| DRINKING 3 yellow potions.
  2430 | D:3      | 2430 ||| Stepping ~*~*~tactically~*~*~ (stealth).
  2436 | D:3      | Noticed a kobold brigand
  2437 | D:3      | 2437 ||| Stepping ~*~*~tactically~*~*~ (stealth).
  2443 | D:3      | Noticed a kobold brigand
  2444 | D:3      | 2444 ||| Stepping ~*~*~tactically~*~*~ (hiding).
  2445 | D:3      | 2445 ||| Stepping ~*~*~tactically~*~*~ (hiding).
  2453 | D:3      | HP: 4/32 [kobold brigand/+0 glaive (6)]
  2454 | D:3      | 2454 ||| READING scroll of teleportation.
  2454 | D:3      | HP: 1/32 [kobold brigand/+0 glaive (3)]
  2455 | D:3      | 2455 ||| DRINKING 2 potions of heal wounds.
  2458 | D:3      | Killed a kobold brigand
  2459 | D:3      | Reached skill level 5 in Axes
  2544 | D:3      | Found Giqug's Magic Scroll Shoppe.
  2553 | D:3      | 2553 ||| SHOPLISTING 3 scrolls of identify (84 gold, have
                  | 44).
  2553 | D:3      | 2553 ||| SHOPLISTING scroll of enchant weapon (105 gold,
                  | have 44).
  2553 | D:3      | 2553 ||| BUYING scroll of teleportation (42 gold).
  2553 | D:3      | Bought a scroll of teleportation for 42 gold pieces
  2563 | D:3      | Reached XP level 6. HP: 37/37 MP: 6/6
  2572 | D:3      | 2572 ||| Stepping ~*~*~tactically~*~*~ (stealth).
  2678 | D:3      | 2678 ||| Stepping ~*~*~tactically~*~*~ (stealth).
  2680 | D:3      | 2680 ||| FLEEEEING.
  2681 | D:3      | 2681 ||| FLEEEEING.
  2682 | D:3      | 2682 ||| FLEEEEING.
  2683 | D:3      | 2683 ||| FLEEEEING.
  2684 | D:3      | 2684 ||| FLEEEEING.
  2685 | D:3      | 2685 ||| FLEEEEING.
  2686 | D:3      | 2686 ||| FLEEEEING.
  2687 | D:3      | 2687 ||| FLEEEEING.
  2688 | D:3      | 2688 ||| FLEEEEING.
  2689 | D:3      | 2689 ||| FLEEEEING.
  2690 | D:3      | 2690 ||| FLEEEEING.
  2691 | D:3      | 2691 ||| FLEEEEING.
  2692 | D:3      | 2692 ||| FLEEEEING.
  2693 | D:3      | 2693 ||| FLEEEEING.
  2701 | D:3      | 2701 ||| FLEEEEING.
  2702 | D:3      | 2702 ||| FLEEEEING.
  2997 | D:3      | 2997 ||| UPGRADING to +6 ring of strength.
  2998 | D:3      | 2998 ||| DRINKING 2 grey potions.
  3048 | D:4      | Reached skill level 1 in Dodging
  3049 | D:4      | Identified the -2 pair of gloves of the Vaults {Harm rPois
                  | rC- Str+5}
  3255 | D:4      | 3255 ||| Stepping ~*~*~tactically~*~*~ (hiding).
  3398 | D:4      | 3398 ||| Stepping ~*~*~tactically~*~*~ (hiding).
  3410 | D:4      | Reached XP level 7. HP: 41/43 MP: 7/7
  3413 | D:4      | Reached skill level 6 in Axes
  3436 | D:4      | 3436 ||| Stepping ~*~*~tactically~*~*~ (hiding).
  3437 | D:4      | 3437 ||| Stepping ~*~*~tactically~*~*~ (hiding).
  3438 | D:4      | 3438 ||| Stepping ~*~*~tactically~*~*~ (hiding).
  3439 | D:4      | 3439 ||| Stepping ~*~*~tactically~*~*~ (hiding).
  3516 | D:4      | 3516 ||| Stepping ~*~*~tactically~*~*~ (stealth).
  3520 | D:4      | 3520 ||| Stepping ~*~*~tactically~*~*~ (stealth).
  3522 | D:4      | 3522 ||| Stepping ~*~*~tactically~*~*~ (stealth).
  3523 | D:4      | 3523 ||| Stepping ~*~*~tactically~*~*~ (stealth).
  3848 | D:4      | Killed from afar by an orc priest

Levels and vault maps discovered:
D:1:      psy_arrival_spokes, layout_loops_cross
D:2:      minmay_evil_eye, layout_basic, minmay_misc_feat_columns,
          amcnicky_mini_pool_small, grunt_ministairs_9, minmay_misc_feat_iff,
          kennysheep_decorative_pillar, nicolae_grassy_gnolls
D:3:      cheibrodos_thug_alley, layout_loops_ring, nicolae_overflow_squiral,
          serial_shops, shop, nicolae_shop_tiny_glass,
          nicolae_shop_bloodbath_and_beyond, serial_park_tiny_pond
D:4:      minmay_recursive_quarters, layout_basic, gammafunk_ghost_arena

Skill      XL: |  1  2  3  4  5  6  7 |
---------------+----------------------+-----
Axes           | 2 3 4 5 6 |  6.6
Fighting       | 4 |  4.2
Dodging        | 1 |  1.3
Armour         | |  3.2
Shields        | |  3.2

Action                     |  1- 3 |  4- 6 |  7- 9 || total
---------------------------+-------+-------+-------++-------
  Melee: War axe           |    95 |   122 |    35 ||   252
    Use: Scroll            |     3 |     6 |       ||     9
         Potion            |       |     3 |       ||     3
 Armour: Scale mail        |    39 |    71 |    21 ||   131
  Dodge: Dodged            |    45 |    65 |    25 ||   135
  Block: Buckler           |    17 |    26 |     6 ||    49

Table legend:
 A = Non-vault XP
 B = Vault XP
 C = Vault XP percentage of total XP
 D = Non-vault monster count
 E = Vault monster count
 F = Vault count percentage of total count
                 A         B        C        D         E       F
            +---------+---------+-------+---------+---------+-------
      Total |     460 |     380 |  45.2 |      70 |      26 |  27.1
            +---------+---------+-------+---------+---------+-------
        D:1 |      37 |       0 |   0.0 |      24 |       0 |   0.0
        D:2 |      52 |      52 |  50.0 |      16 |       8 |  33.3
        D:3 |      77 |     212 |  73.4 |      17 |       9 |  34.6
        D:4 |     294 |     116 |  28.3 |      13 |       9 |  40.9
            +---------+---------+-------+---------+---------+-------
